 Dungeon Crawl Stone Soup version 0.17-a0-1202-g2dd280d (console) character file.

1059 Garrluk the Carver (level 8, -1/58 HPs)
             Began as a Formicid Fighter on June 3, 2015.
             Slain by an ogre
             ... wielding a cursed -2 giant spiked club
              (19 damage)
             ... on level 8 of the Dungeon.
             The game lasted 00:12:40 (5476 turns).

Garrluk the Carver (Formicid Fighter)               Turns: 5476, Time: 00:12:40

Health: -1/58      AC:  9    Str: 22 (23) XL:     8   Next: 52%
Magic:  9/9        EV: 11    Int:  6 (8)  God:
Gold:   391        SH:  9    Dex: 12      Spells: 0 memorised, 7 levels left

rFire  . . .     SeeInvis +     a - +1 long sword
rCold  . . .     Clarity  .     b - +0 scale mail
rNeg   . . .     SustAt   .     c - +0 shield
rPois  +         Gourm    .     (helmet unavailable)
rElec  .         Spirit   .     B - +0 cloak
rCorr  .         Warding  .     (no gloves)
rMut   .         Stasis   +     o - +0 pair of boots
MR     .....                    (no amulet)
Stlth  ..........               f - +3 ring of evasion
                                w - ring of poison resistance

@: not resistant to hostile enchantments, extremely unstealthy
A: permanent stasis, dig shafts and tunnels, four strong arms, antennae 3,
hooves 1, thin skeletal structure 1, deterioration 1, low mp 1, sense
surroundings 1
a: Dig, Shaft Self


You were on level 8 of the Dungeon.
You were not hungry.

You visited 1 branch of the dungeon, and saw 7 of its levels.

You collected 391 gold pieces.

Notes
Turn   | Place    | Note
--------------------------------------------------------------
     0 | D:1      | Garrluk the Formicid Fighter began the quest for the Orb.
     0 | D:1      | Reached XP level 1. HP: 18/18 MP: 1/1
    72 | D:1      | Reached XP level 2. HP: 5/24 MP: 2/2
   480 | D:1      | Reached XP level 3. HP: 29/29 MP: 3/3
  1062 | D:2      | Reached skill level 4 in Long Blades
  1062 | D:2      | Reached XP level 4. HP: 35/35 MP: 4/4
  1773 | D:3      | Reached XP level 5. HP: 39/41 MP: 5/5
  1981 | D:3      | Reached skill level 5 in Long Blades
  2264 | D:3      | Noticed Geomchi's ghost (weakling OpMo)
  2272 | D:3      | Killed Geomchi's ghost
  2426 | D:3      | Reached XP level 6. HP: 37/47 MP: 6/6
  2659 | D:4      | Noticed Crazy Yiuf
  2667 | D:4      | Killed Crazy Yiuf
  2667 | D:4      | Reached skill level 6 in Long Blades
  2822 | D:4      | Noticed Eustachio
  2999 | D:3      | Killed Eustachio
  2999 | D:3      | Reached skill level 7 in Long Blades
  2999 | D:3      | Reached XP level 7. HP: 12/52 MP: 7/7
  3249 | D:4      | Reached skill level 1 in Evocations
  3398 | D:4      | Gained mutation: You have a somewhat thin skeletal structure (Dex +2, Stealth). [potion of mutation]
  3398 | D:4      | Gained mutation: You have large cloven feet. [potion of mutation]
  3398 | D:4      | Gained mutation: You passively map a small area around you. [potion of mutation]
  3404 | D:4      | Gained mutation: Your magical capacity is low (-10% MP). [potion of mutation]
  3404 | D:4      | Gained mutation: Your body sometimes deteriorates upon taking damage. [potion of mutation]
  3513 | D:5      | Entered Level 5 of the Dungeon
  4153 | D:5      | Reached skill level 8 in Long Blades
  4153 | D:5      | Reached XP level 8. HP: 44/58 MP: 7/9
  4297 | D:5      | Found a stormy altar of Qazlal.
  4365 | D:5      | Found an opulent altar of Gozag.
  4844 | D:5      | Found a deep blue altar of Sif Muna.
  4849 | D:5      | Found a burning altar of Makhleb.
  4853 | D:5      | Found a sparkling altar of Nemelex Xobeh.
  5087 | D:6      | Noticed Quirk's ghost (experienced MiFi)
  5109 | D:6      | HP: 1/58 [Quirk's ghost (12)]
  5110 | D:6      | You fall through a shaft for 2 floors!
  5476 | D:8      | Slain by an ogre

Inventory:

Hand weapons
 a - a +1 long sword (weapon)
 A - a +4 quarterstaff of chaos
   (You took it off Crazy Yiuf on level 4 of the Dungeon)
Armour
 b - a +0 scale mail (worn)
 c - a +0 shield (worn)
 o - a +0 pair of boots (worn)
   (You found it on level 2 of the Dungeon)
 s - a +0 pair of boots
   (You found it on level 5 of the Dungeon)
 B - a +0 cloak (worn)
   (You took it off Crazy Yiuf on level 4 of the Dungeon)
Jewellery
 f - a +3 ring of evasion (right hand)
   (You found it on level 6 of the Dungeon)
 w - a ring of poison resistance (left hand)
   (You found it on level 5 of the Dungeon)
Magical devices
 C - a wand of flame (25)
   (You took it off Eustachio on level 3 of the Dungeon)
Scrolls
 h - 2 scrolls of enchant armour
 i - 4 scrolls of remove curse
 j - 3 scrolls of identify
 k - 2 scrolls of enchant weapon
 n - a scroll of recharging
Potions
 d - a potion of might
 l - a potion of resistance
 m - a potion of curing
Comestibles
 e - a bread ration
 p - 2 beef jerkies
 r - 3 meat rations
 t - 3 fruits

Table legend:
 A = Turns spent in this place as a percentage of turns spent in the entire game.
 B = Non-inter-level travel turns spent in this place as a percentage of non-inter-level travel turns spent in the entire game.
 C = Inter-level travel turns spent in this place as a percentage of turns spent in this place.
 D = Turns resting spent in this place as a percentage of non-inter-level travel turns spent in this place.
 E = Turns spent auto-exploring this place as a percentage of non-inter-level travel turns spent in this place.
 F = Non-inter-level travel turns spent in this place divided by the number of levels of this place that you've seen.
                   A       B       C       D       E      F
               +-------+-------+-------+-------+-------+----------------------
         Total | 100.0 | 100.0 |   0.6 |   1.7 |   6.9 | 263.6
       Dungeon | 100.0 | 100.0 |   0.6 |   1.7 |   6.9 | 263.6
               +-------+-------+-------+-------+-------+----------------------


   Skills:
 - Level 3.2 Fighting
 * Level 8.9 Long Blades
 - Level 3.2 Armour
 - Level 3.6 Shields
 + Level 3.7 Evocations


You had 7 spell levels left.
You didn't know any spells.

Dungeon Overview and Level Annotations

Branches:
Dungeon (8/15)
 Temple: D:4-7         Lair: D:8-11

Altars:
Gozag
Makhleb
Nemelex Xobeh
Qazlal
Sif Muna

Annotations:
D:6 Quirk's ghost, experienced MiFi


Innate Abilities, Weirdness & Mutations

You are under a permanent stasis effect.
You can dig through walls and to a lower floor.
Your four strong arms can wield two-handed weapons with a shield.
You have a pair of large antennae on your head (SInv).
You have large cloven feet.
You have a somewhat thin skeletal structure (Dex +2, Stealth).
Your body sometimes deteriorates upon taking damage.
Your magical capacity is low (-10% MP).
You passively map a small area around you.


Message History

You hit the orc but do no damage. You block the orc's attack.
You hit the orc but do no damage. You block the orc's attack.
You slash the orc!
You kill the orc!
You slash the ogre!
The ogre is moderately wounded.
The ogre hits you with a giant spiked club!!
You closely miss the ogre.
The ogre is moderately wounded.
The ogre closely misses you.
You hit the ogre.
The ogre is heavily wounded.
You hit the ogre.
The ogre is heavily wounded.
The ogre hits you with a giant spiked club!!
Your body deteriorates!
You feel dopey.
You hit the ogre.
The ogre is severely wounded.
The ogre hits you with a giant spiked club!!
You die...

#.##.#.#
#.##.#.#
#.##.#.#
#.##.#)#
#.##.#.#
#.##.#.#
######.##.#.#
#......##.#.#
#.#######.#o#
#.# #.#O# #.#
#.#@#
#.#######.#.#
#..?........#
#########<###
###


You could see an ogre and an orc.

Table legend:
 A = Kills in this place as a percentage of kills in entire the game.
 B = Kills by you in this place as a percentage of kills by you in the entire game.
 C = Kills by friends in this place as a percentage of kills by friends in the entire game.
 D = Other kills in this place as a percentage of other kills in the entire game.
 E = Experience gained in this place as a percentage of experience gained in the entire game.
 F = Experience gained in this place divided by the number of levels of this place that you have seen.
                   A       B       C       D       E      F
               +-------+-------+-------+-------+-------+----------------------
         Total | 100.0 | 100.0 |  -nan |  -nan | 100.0 | 216.3
       Dungeon | 100.0 | 100.0 |  -nan |  -nan | 100.0 | 216.3
               +-------+-------+-------+-------+-------+----------------------

Vanquished Creatures
  Monster Symbol All ' '
  The ghost of Geomchi the Insei, a weakling OpMo (D:3)
1 creature vanquished. All '5' A crimson imp (D:5) A shadow imp (D:5)
2 creatures vanquished. All '@' Eustachio (D:3)
1 creature vanquished. All 'K' 14 kobolds
14 creatures vanquished. All 'O' An ogre (D:4)
1 creature vanquished. All 'S' 10 adders A ball python (D:2)
11 creatures vanquished. All 'Z' A centaur skeleton (D:5) A hound skeleton (D:5) 2 adder skeletons A bat skeleton (D:5) A giant gecko zombie (D:5) 2 jackal skeletons A jackal zombie (D:4) A quokka zombie (D:5)
10 creatures vanquished. All 'a' A worker ant (D:4)
1 creature vanquished. All 'b' 11 bats
11 creatures vanquished. All 'c' 2 centaurs
2 creatures vanquished. All 'g' Crazy Yiuf (D:4) 13 goblins 16 hobgoblins
30 creatures vanquished. All 'h' 2 hounds (D:5) 4 jackals (D:6)
6 creatures vanquished. All 'l' 2 giant geckos 6 giant newts
8 creatures vanquished. All 'n' A necrophage (D:4)
1 creature vanquished. All 'o' 2 orc priests An orc wizard (D:5) 24 orcs
27 creatures vanquished. All 'r' A river rat (D:3) A quokka (D:3) 8 rats
10 creatures vanquished. All 's' A scorpion (D:5) 4 giant cockroaches
5 creatures vanquished. All 'w' 5 worms
5 creatures vanquished.
146 creatures vanquished. Monster Nature Uniques Eustachio (D:3) Crazy Yiuf (D:4)
2 creatures vanquished. Natural Monsters An ogre (D:4) 2 centaurs A scorpion (D:5) 2 orc priests 2 hounds (D:5) A worker ant (D:4) An orc wizard (D:5) The ghost of Geomchi the Insei, a weakling OpMo (D:3) 10 adders A river rat (D:3) 5 worms 24 orcs 4 giant cockroaches 13 goblins 16 hobgoblins 4 jackals (D:6) 14 kobolds A quokka (D:3) A ball python (D:2) 11 bats 2 giant geckos 6 giant newts 8 rats
131 creatures vanquished. Undead Monsters A necrophage (D:4) A centaur skeleton (D:5) A hound skeleton (D:5) 2 adder skeletons A bat skeleton (D:5) A giant gecko zombie (D:5) 2 jackal skeletons A jackal zombie (D:4) A quokka zombie (D:5)
11 creatures vanquished. Demonic Monsters A crimson imp (D:5) A shadow imp (D:5)
2 creatures vanquished.
146 creatures vanquished. Ascending Order Eustachio (D:3) A necrophage (D:4) An ogre (D:4) A scorpion (D:5) A crimson imp (D:5) Crazy Yiuf (D:4) A centaur skeleton (D:5) A worker ant (D:4) An orc wizard (D:5) The ghost of Geomchi the Insei, a weakling OpMo (D:3) A hound skeleton (D:5) A river rat (D:3) A shadow imp (D:5) A quokka (D:3) A bat skeleton (D:5) A giant gecko zombie (D:5) A ball python (D:2) A quokka zombie (D:5) A jackal zombie (D:4) 2 centaurs 2 orc priests 2 hounds (D:5) 2 adder skeletons 2 giant geckos 2 jackal skeletons 4 giant cockroaches 4 jackals (D:6) 5 worms 6 giant newts 8 rats 10 adders 11 bats 13 goblins 14 kobolds 16 hobgoblins 24 orcs
146 creatures vanquished.

Action                   |  1- 3 |  4- 6 |  7- 9 || total
-------------------------+-------+-------+-------++-------
Melee: Long sword        |   117 |   212 |   285 ||   614
       Quarterstaff      |       |    22 |       ||    22
 Abil: Dig               |     4 |     8 |     9 ||    21
       Shaft Self        |       |       |     1 ||     1
  Use: Potion            |       |     4 |    10 ||    14
       Scroll            |       |       |    10 ||    10
  Eat: Chunk             |     1 |     7 |    10 ||    18
       Bread ration      |       |       |     1 ||     1
